 Dungeon Crawl Stone Soup version 0.27-a0-417-g317cea8a3c (webtiles) character file.

Game seed: 17093737382919297688

1817 Anon1729 the Stinger (level 8, -4/52 HPs)
             Began as a Demonspawn Venom Mage on Feb 26, 2021.
             Slain by a bullfrog (5 damage)
             ... while paralysed by Pikel
             ... on level 7 of the Dungeon.
             The game lasted 00:16:04 (9657 turns).

Anon1729 the Stinger (Demonspawn Venom Mage)        Turns: 9657, Time: 00:16:04

Health: -4/52      AC:  2    Str:  9    XL:     8   Next: 85%
Magic:  4/18       EV:  2    Int: 19    God:
Gold:   483        SH:  0    Dex: 17    Spells: 7/20 levels left

rFire    . . .     SeeInvis .   l - +2 short sword (speed)
rCold    . . .     Faith    .   (no shield)
rNeg     . . .     Spirit   .   a - +0 robe
rPois    +         Reflect  .   (no helmet)
rElec    .         Harm     .   (no cloak)
rCorr    .         Rampage  .   (no gloves)
Will     .....                  (no boots)
Stlth    ++++......             o - amulet of magic regeneration
HPRegen  0.17/turn              q - ring of poison resistance
MPRegen  0.41/turn              s - ring of wizardry

@: paralysed
A: thin skeletal structure 2, foul stench 1
a: no special abilities


You were on level 7 of the Dungeon.
You visited 1 branch of the dungeon, and saw 7 of its levels.

You collected 483 gold pieces.

Inventory:

Hand Weapons
 l - a +2 short sword of speed (weapon)
Armour
 a - a +0 robe (worn)
Jewellery
 o - an amulet of magic regeneration (around neck)
 q - a ring of poison resistance (left hand)
 s - a ring of wizardry (right hand)
 v - a +4 ring of protection
 y - a ring of wizardry
Wands
 w - a wand of acid (11)
 x - a wand of mindburst (9)
 A - a wand of flame (15)
Scrolls
 f - 3 scrolls of fog {unknown}
 g - 4 scrolls of fear {unknown}
 h - 6 scrolls of teleportation {unknown}
 m - 8 scrolls of identify {unknown}
 n - 3 scrolls of magic mapping {unknown}
 t - 2 scrolls of blinking {unknown}
Potions
 b - 5 potions of lignification {unknown}
 c - a potion of brilliance {unknown}
 d - a potion of invisibility {unknown}
 e - 2 potions of curing {unknown}
 i - 3 potions of might
 j - 4 potions of haste {unknown}
 k - 2 potions of mutation {unknown}
 p - a potion of ambrosia {unknown}
 r - 2 potions of berserk rage {unknown}
 u - a potion of heal wounds {unknown}
 z - a potion of flight {unknown}


   Skills:
 - Level 1.8 Dodging
 - Level 1.8 Stealth
 * Level 6.9 Spellcasting
 + Level 4.5 Transmutations
 * Level 7.9 Poison Magic


You had 7 spell levels left.
You knew the following spells:

 Your Spells              Type           Power        Failure   Level
a - Sting                 Tmut/Pois      100%         1%          1
b - Poisonous Vapours     Pois/Air       42%          1%          2
c - Ignite Poison         Fire/Tmut/Pois 22%          2%          3
d - Olgreb's Toxic Radia  Pois           36%          1%          4
e - Mephitic Cloud        Conj/Pois/Air  16%          4%          3

Your spell library contained the following spells:

 Spells                   Type           Power        Failure   Level
 Summon Small Mammal      Summ           24%          4%          1
 Call Imp                 Summ           6%           6%          2
 Call Canine Familiar     Summ           6%           12%         3
 Summon Guardian Golem    Hex/Summ       6%           12%         3
 Summon Ice Beast         Ice/Summ       6%           38%         4
 Summon Lightning Spire   Summ/Air       6%           38%         4


Dungeon Overview and Level Annotations

Branches:
Dungeon (7/15)             Temple (0/1) D:7

Altars:
Ashenzari
Dithmenos
Fedhas
Gozag
Makhleb
Nemelex Xobeh
Ru
Trog
Wu Jian
Xom
Yredelemnul
Zin

Shops:
D:6 :

Annotations:
D:5 3 runed translucent doors, wakim's ghost, amateur OpTm
D:7 Pikel


Innate Abilities, Weirdness & Mutations

You have a moderately thin skeletal structure. (Dex +4, Stealth+)
You may rarely emit foul miasma when damaged in melee.


Message History

You hit the lemure.
The lemure is almost dead.
Pikel looks even sicker.
The lemure looks even sicker.
The bullfrog is poisoned.
You kill the lemure!
That felt strangely unrewarding.
Pikel looks even sicker.
The bullfrog looks even sicker.
Your toxic aura wanes.
A lemure comes into view.
A howler monkey skeleton comes into view.
The bullfrog misses you.
A quokka comes into view.
You closely miss the bullfrog.
The bullfrog is lightly wounded.
Pikel drinks a potion.
Pikel seems to grow stronger.
The bullfrog closely misses you.
You barely miss the bullfrog.
The bullfrog is lightly wounded.
The bullfrog hits you.
Pikel zaps a wand.
You suddenly lose the ability to move!
The bullfrog hits you but does no damage.
The bullfrog hits you. The bullfrog hits you.
Pikel hits you with a +0 whip of flaming!
Pikel burns you.
The bullfrog hits you but does no damage.
Pikel hits you with a +0 whip of flaming!
* * * LOW HITPOINT WARNING * * *
Pikel burns you.
* * * LOW HITPOINT WARNING * * *
The bullfrog hits you.
* * * LOW HITPOINT WARNING * * *
The bullfrog hits you.
* * * LOW HITPOINT WARNING * * *
Pikel hits you with a +0 whip of flaming.
* * * LOW HITPOINT WARNING * * *
Pikel burns you.
* * * LOW HITPOINT WARNING * * *
The bullfrog hits you.
You die...

######################
.........)...........# #
.......)).....P.P....# #
........5K@..♣≈≈≈....# #
.........Fr.P≈≈≈≈≈P..# #
..........).≈≈≈P≈≈...## #
.......()..P≈.≈≈≈.[...#
............♣≈≈≈≈≈♣...#
............≈≈≈≈.≈....#
......(....P.≈≈≈≈≈....#
.Z.......P≈.≈≈≈≈P.†.#####
≈.≈≈≈≈.........


You could see Pikel (strong, very poisoned), a lemure, a bullfrog (poisoned), a
quokka and a howler monkey skeleton (wandering).

Vanquished Creatures
  A moth of wrath (D:6)
  Duvessa (D:7)
  A sky beast (D:7)
  2 black bears
  An ogre (D:5)
  3 lemures (D:7)
  A bullfrog (D:7)
  Dowan (D:7)
  An electric eel (D:7)
  A bullfrog zombie (D:5)
  2 hounds
  2 jellies
  An orc priest (D:5)
  A centaur zombie (D:5)
  A bullfrog skeleton (D:5)
  Natasha (thrice) (D:4)
  6 orc wizards
  2 worker ants
  A hound zombie (D:7)
  A hound skeleton (D:4)
  9 adders
  5 gnolls
  2 oozes
  4 worms
  5 dart slugs
  3 leopard geckos
  22 orcs
  7 giant cockroaches
  10 goblins
  9 hobgoblins
  20 jackals
  12 kobolds
  2 ball pythons
  12 bats
  7 frilled lizards
  A jackal skeleton (D:4)
  A quokka skeleton (D:7)
  A quokka zombie (D:7)
  16 rats
181 creatures vanquished.

Notes
Turn   | Place    | Note
-------+----------+-------------------------------------------
     0 | D:1      | Anon1729 the Demonspawn Venom Mage began the quest for the
                  | Orb.
     0 | D:1      | Reached XP level 1. HP: 13/13 MP: 3/3
   348 | D:1      | Reached skill level 1 in Transmutations
   348 | D:1      | Gained mutation: You have a somewhat thin skeletal
                  | structure. (Dex +2, Stealth) [demonic ancestry]
   348 | D:1      | Reached XP level 2. HP: 19/19 MP: 0/5
   979 | D:1      | Gained mutation: You have a moderately thin skeletal
                  | structure. (Dex +4, Stealth+) [demonic ancestry]
   979 | D:1      | Reached XP level 3. HP: 24/24 MP: 3/6
  2244 | D:2      | Reached XP level 4. HP: 30/30 MP: 5/8
  2348 | D:2      | Reached skill level 4 in Poison Magic
  2453 | D:2      | Found an opulent altar of Gozag.
  3154 | D:3      | Found a shadowy altar of Dithmenos.
  3948 | D:3      | Found a burning altar of Makhleb.
  3964 | D:3      | Reached XP level 5. HP: 29/35 MP: 7/10
  4050 | D:3      | Found a bloodstained altar of Trog.
  4052 | D:3      | Found a sparkling altar of Nemelex Xobeh.
  4073 | D:3      | Found a glowing silver altar of Zin.
  4153 | D:3      | Found an ornate altar of the Wu Jian Council.
  4594 | D:4      | Noticed Natasha
  4605 | D:4      | Killed Natasha
  4814 | D:4      | Found a sacrificial altar of Ru.
  4845 | D:4      | Noticed Natasha
  4851 | D:4      | Killed Natasha
  4852 | D:4      | Reached XP level 6. HP: 19/41 MP: 2/11
  4884 | D:4      | Noticed Natasha
  4892 | D:4      | Killed Natasha
  5009 | D:4      | Reached skill level 5 in Poison Magic
  5186 | D:4      | Learned a level 4 spell: Olgreb's Toxic Radiance
  5424 | D:4      | Found a blossoming altar of Fedhas.
  5686 | D:5      | Entered Level 5 of the Dungeon
  5973 | D:5      | Reached XP level 7. HP: 46/46 MP: 9/13
  6034 | D:5      | Found a runed translucent gate.
  6034 | D:5      | Found a runed translucent gate.
  6034 | D:5      | Found a runed translucent gate.
  6034 | D:5      | Noticed wakim's ghost (amateur OpTm)
  6678 | D:5      | Reached skill level 5 in Spellcasting
  6915 | D:5      | Found a shimmering altar of Xom.
  6938 | D:5      | Reached skill level 6 in Poison Magic
  7162 | D:5      | Found a sacrificial altar of Ru.
  7559 | D:6      | Noticed a moth of wrath
  7562 | D:6      | Found a bloodstained altar of Trog.
  7960 | D:6      | Learned a level 2 spell: Poisonous Vapours
  7964 | D:6      | Learned a level 3 spell: Ignite Poison
  7968 | D:6      | Learned a level 3 spell: Mephitic Cloud
  7996 | D:6      | Killed a moth of wrath
  7997 | D:6      | Gained mutation: You may rarely emit foul miasma when
                  | damaged in melee. [demonic ancestry]
  7997 | D:6      | Reached XP level 8. HP: 52/52 MP: 5/16
  8144 | D:6      | Reached skill level 7 in Poison Magic
  8711 | D:6      | Found Ropsont's Book Emporium.
  8749 | D:7      | Found a broken altar of Ashenzari.
  8818 | D:7      | Found a broken altar of Ashenzari.
  8913 | D:7      | Found a basalt altar of Yredelemnul.
  9526 | D:7      | Found a staircase to the Ecumenical Temple.
  9630 | D:7      | Noticed Duvessa
  9633 | D:7      | Noticed Dowan
  9636 | D:7      | Killed Duvessa
  9639 | D:7      | Killed Dowan
  9644 | D:7      | Noticed Pikel
  9652 | D:7      | Paralysed by Pikel for 6 turns
  9656 | D:7      | HP: 2/52 [Pikel/+0 whip of flaming (2)]
  9657 | D:7      | Slain by a bullfrog

Illustrated notes

Levels and vault maps discovered:
D:1:      nzn_arrival_depleted_hourglass, layout_rooms
D:2:      layout_loops_corners, old_standard_altar, minmay_indecisive_spiral
D:3:      layout_rooms, makhleb_heckhound_becter, lemuel_coloured_pillars_altar,
          grunt_dithmenos_smoke_and_mirrors, gammafunk_temple_overflow_forgotten
D:4:      layout_basic, lemuel_crystal_altar,
          nicolae_ru_great_annihilating_truth, uniq_natasha
D:5:      layout_loops_ring, nicolae_overflow_hidden_temple,
          gammafunk_ghost_necromancy, minmay_crystal_water, lemuel_tele_altar
D:6:      layout_cave_pools, serial_shops, kennysheep_mini, tgw_trog
D:7:      cheibrodos_barr_body, layout_basic, grunt_temple_overflow_open,
          minmay_temple_entry_statues, serial_bayou, serial_bayou_lagoon_a,
          serial_bayou_pond_b, serial_bayou_pond_b, serial_bayou_pond_d,
          basic_altar, st_stairs_9, minmay_chambers_of_fives, uniq_pikel,
          uniq_duvessa

Skill      XL: |  1  2  3  4  5  6  7  8 |
---------------+-------------------------+-----
Transmutations | 1 2 3 4 |  4.5
Spellcasting   | 3 4 5 6 |  6.9
Poison Magic   | 4 5 6 7 |  7.9
Dodging        | |  1.8
Stealth        | |  1.8

Action                   |  1- 3 |  4- 6 |  7- 9 || total
-------------------------+-------+-------+-------++-------
Melee: Unarmed           |    28 |     1 |       ||    29
       Short sword       |       |   101 |   191 ||   292
 Cast: Sting             |    93 |   115 |     4 ||   212
       Olgreb's Toxic Ra |       |     2 |    17 ||    19
       Ignite Poison     |       |       |     7 ||     7
       Mephitic Cloud    |       |       |     1 ||     1
       Poisonous Vapours |       |       |     1 ||     1
 Stab: Sleeping          |       |     2 |     8 ||    10
       Distracted        |       |     2 |       ||     2
Armor: Robe              |    21 |    20 |    19 ||    60
Dodge: Dodged            |    76 |    94 |   105 ||   275

Table legend: (Time is in decaauts)
 A = Elapsed time spent in this place.
 B = Non-inter-level travel time spent in this place.
 C = Inter-level travel time spent in this place.
 D = Time resting spent in this place.
 E = Time spent auto-exploring this place.
 F = Levels seen in this place.
 G = Mean time per level.
                   A        B        C        D        E       F      G
               +--------+--------+--------+--------+--------+-----+--------+
         Total |   9582 |   9441 |    141 |   1438 |   6715 |   7 | 1368.9 |
       Dungeon |   9582 |   9441 |    141 |   1438 |   6715 |   7 | 1368.9 |
               +--------+--------+--------+--------+--------+-----+--------+

Top non-repeatable levels by time:
     D:5: 2171 daAuts
     D:2: 1887 daAuts
     D:4: 1472 daAuts
     D:1: 1250 daAuts
     D:3: 1047 daAuts
     D:7: 892 daAuts
     D:6: 861 daAuts
